 Dungeon Crawl Stone Soup version 0.31.0-12-g77e489cdc1 (webtiles) character file.

Game seed: 2243331443341453421

2109278 firemarshallily the Conqueror (level 27, 323/323 HPs)
             Began as an Oni Monk on Feb 21, 2024.
             Was the Champion of Qazlal.
             Escaped with the Orb
             ... and 4 runes on Feb 23, 2024!
             The game lasted 06:53:17 (85601 turns).

firemarshallily the Conqueror (Oni Monk)           Turns: 85601, Time: 06:53:18

Health: 323/323    AC: 26    Str: 37    XL:     27
Magic:  35/35      EV: 18    Int: 11    God:    Qazlal [******]
Gold:   1676       SH: 41    Dex: 16    Spells: 26/26 levels left

rFire   + + +        y - +9 demon whip (elec)
rCold   . . .        s - +4 tower shield {AC+3}
rNeg    + + .        d - +5 fire dragon scales {Xtahua}
rPois   +            C - -2 hat of the Alchemist {rElec rPois rF+ rC+ rN+ Will+ rMut rCorr}
rElec   +            H - +2 cloak {rPois}
rCorr   +            (gloves unavailable)
SInv    .            (boots unavailable)
Will    +++..        q - amulet of reflection Stlth
                     U - ring "Setheroi" {rElec rPois EV+5 Str+3}
HPRegen 0.73/turn    g - ring of Cimulab {rN+ Str+3 Dex+3}
MPRegen 0.24/turn

%: repel missiles, reflection, resist mutation
@: studying Unarmed Combat
A: large, unfitting armour, horns 1, tough skin 1, double potion healing,
drunken brawling
0: Orb of Zot
}: 4/15 runes: serpentine, barnacled, slimy, silver
a: Renounce Religion, Upheaval, Elemental Force, Disaster Area


You escaped.
You worshipped Qazlal.
Qazlal was exalted by your worship.
You visited 12 branches of the dungeon, and saw 56 of its levels.
You also visited: Wizlab.

You collected 7739 gold pieces.
You spent 6063 gold pieces at shops.

Inventory:

Hand Weapons
 y - a +9 demon whip of electrocution (weapon)
Missiles
 a - 10 boomerangs
 i - 29 atropa-tipped darts
 n - 10 curare-tipped darts
 B - 11 throwing nets
 M - 12 javelins
 P - 71 large rocks (quivered)
Armour
 d - +5 fire dragon scales (worn) {Xtahua}
 h - quicksilver dragon scales
 s - a +4 tower shield of protection (worn)
 C - the -2 hat of the Alchemist (worn) {rElec rPois rF+ rC+ rN+ Will+ rMut rCorr}
   (You found it in a wizard's laboratory)

   rF+:       It protects you from fire.
   rC+:       It protects you from cold.
   rElec:     It insulates you from electricity.
   rPois:     It protects you from poison rN+: It protects you from negative
   energy.
   Will+:     It increases your willpower.
   rCorr:     It protects you from acid and corrosion.
   rMut:      It protects you from mutation.
 H - a +2 cloak of poison resistance (worn)
Jewellery
 c - the ring "Bosanir" {Will+ Int+4 Dex+6}
   (You took it off a deep elf high priest on level 3 of the Elven Halls)

   [ring of dexterity]

   Int+4:     It affects your intelligence (+4).
   Dex+6:     It affects your dexterity (+6).
   Will+:     It increases your willpower.
 e - the ring "Baech" {rN+ Will+ Dex+2}
   (You acquired it on level 5 of the Vaults)

   [ring of positive energy]

   Dex+2:     It affects your dexterity (+2).
   rN+:       It protects you from negative energy.
   Will+:     It increases your willpower.
 g - the ring of Cimulab (right hand) {rN+ Str+3 Dex+3}
   (You found it on level 5 of the Pits of Slime)

   [ring of positive energy]

   Str+3:     It affects your strength (+3).
   Dex+3:     It affects your dexterity (+3).
   rN+:       It protects you from negative energy.
 q - an amulet of reflection (around neck)
 t - the necklace of Bloodlust {Fury *Rage Will++ Int-3 Slay+6}
   (You found it on level 1 of the Snake Pit)

   [amulet of nothing]

   Fury:      It extends the wearer's berserk rage when killing foes.
   Int-3:     It affects your intelligence (-3).
   Slay+6:    It affects your accuracy & damage with ranged weapons and melee
   (+6).
   Will++:    It greatly increases your willpower.
   *Rage:     It berserks you when you make melee attacks (+50% chance).
 w - the ring "Oqiesieg" {rN+ Str-4 Int+4 Dex+3 SInv}
   (You found it on level 3 of the Crypt)

   [ring of positive energy]

   Str-4:     It affects your strength (-4).
   Int+4:     It affects your intelligence (+4).
   Dex+3:     It affects your dexterity (+3).
   rN+:       It protects you from negative energy.
   SInv:      It lets you see invisible.
 A - a +4 ring of protection
 E - a ring of flight
 S - the ring "Sached" {rC+ Int+6}
   (You bought it in a shop on level 2 of the Vaults)

   [ring of intelligence]

   Int+6:     It affects your intelligence (+6).
   rC+:       It protects you from cold.
 T - a ring of see invisible
 U - the ring "Setheroi" (left hand) {rElec rPois EV+5 Str+3}
   (You took it off a tengu reaver on level 4 of the Depths)

   [ring of evasion]

   EV+5:      It affects your evasion (+5).
   Str+3:     It affects your strength (+3).
   rElec:     It insulates you from electricity.
   rPois:     It protects you from poison
 V - the ring of Gojiomp {rPois rN+ rCorr}
   (You found it on level 3 of the Crypt)

   [ring of positive energy]

   rPois:     It protects you from poison rN+: It protects you from negative
   energy.
   rCorr:     It protects you from acid and corrosion.
 Y - the ring of Cocuf {rC+ rN+ Str+3 Int+6 Dex-2}
   (You found it on level 3 of the Crypt)

   [ring of positive energy]

   Str+3:     It affects your strength (+3).
   Int+6:     It affects your intelligence (+6).
   Dex-2:     It affects your dexterity (-2).
   rC+:       It protects you from cold.
   rN+:       It protects you from negative energy.
Wands
 J - a wand of digging (23)
Scrolls
 j - 14 scrolls of poison
 k - 3 scrolls of revelation
 m - 4 scrolls of silence
 o - 22 scrolls of teleportation
 x - 5 scrolls of noise
 D - a scroll of blinking
 F - 9 scrolls of fear
 G - 12 scrolls of fog
 K - 5 scrolls of immolation
 R - 7 scrolls of torment
Potions
 f - 4 potions of magic
 l - 20 potions of curing
 p - 5 potions of haste
 r - 3 potions of attraction
 u - 7 potions of might
 v - 4 potions of heal wounds
 I - 7 potions of mutation
 L - 4 potions of resistance
 N - 6 potions of lignification
 O - 13 potions of ambrosia
 Q - 2 potions of cancellation
 X - 6 potions of invisibility
 Z - 3 potions of berserk rage
Miscellaneous
 b - a condenser vane
 z - a phantom mirror
 W - a phial of floods


   Skills:
 O Level 27 Fighting
 - Level 16.0 Maces & Flails
 + Level 25.7 Throwing
 + Level 21.9 Armour
 - Level 10.0 Dodging
 + Level 24.9 Shields
 - Level 17.7 Invocations


You had 26 spell levels left.
You didn't know any spells.
Your spell library contained the following spells:

 Spells                   Type           Power      Damage    Failure   Level
 Foxfire                  Conj/Fire      0%         2x1d4     50%         1
 Kiss of Death            Conj/Necr      0%         2d5       50%         1
 Magic Dart               Conj           0%         1d3       50%         1
 Shock                    Conj/Air       0%         1d3       50%         1
 Slow                     Hex            0%         N/A       50%         1
 Blink                    Tloc           0%         N/A       65%         2
 Call Imp                 Summ           0%         N/A       65%         2
 Cigotuvi's Dreadful Rot  Necr/Alch/Air  0%         N/A       65%         2
 Ensorcelled Hibernation  Hex/Ice        0%         N/A       65%         2
 Lesser Beckoning         Tloc           0%         N/A       65%         2
 Mercury Vapours          Alch/Air       0%         N/A       65%         2
 Momentum Strike          Conj/Tloc      0%         3d8       65%         2
 Scorch                   Fire           0%         2d5       65%         2
 Searing Ray              Conj           0%         2d4       65%         2
 Static Discharge         Conj/Air       0%         3-3/arc   65%         2
 Confusing Touch          Hex            0%         N/A       86%         3
 Dazzling Flash           Conj/Hex       0%         N/A       86%         3
 Fugue of the Fallen      Necr           0%         N/A       86%         3
 Hailstorm                Conj/Ice       0%         3d5       86%         3
 Inner Flame              Hex/Fire       0%         N/A       86%         3
 Mephitic Cloud           Conj/Alch/Air  0%         N/A       86%         3
 Ozocubu's Armour         Ice            0%         N/A       86%         3
 Passwall                 Erth           0%         N/A       86%         3
 Sigil of Binding         Hex            0%         N/A       86%         3
 Summon Ice Beast         Ice/Summ       0%         N/A       86%         3
 Swiftness                Air            0%         N/A       86%         3
 Vampiric Draining        Necr           0%         2d6       86%         3
 Volatile Blastmotes      Fire/Tloc      0%         2d10      86%         3
 Airstrike                Air            0%         2d(0-16)  99%         4
 Anguish                  Hex/Necr       0%         N/A       99%         4
 Animate Armour           Summ/Erth      0%         N/A       99%         4
 Animate Dead             Necr           0%         N/A       99%         4
 Cause Fear               Hex            0%         N/A       99%         4
 Dispel Undead            Necr           0%         3d6       99%         4
 Fulminant Prism          Conj/Alch      0%         3d5       99%         4
 Ignite Poison            Fire/Alch      0%         N/A       99%         4
 Iskenderun's Mystic Bla  Conj/Tloc      0%         2d3       99%         4
 Leda's Liquefaction      Alch/Erth      0%         N/A       99%         4
 Martyr's Knell           Necr/Summ      0%         N/A       99%         4
 Olgreb's Toxic Radiance  Alch           0%         N/A       99%         4
 Summon Lightning Spire   Summ/Air       0%         N/A       99%         4
 Vhi's Electric Charge    Tloc/Air       0%         N/A       99%         4
 Alistair's Intoxication  Alch           0%         N/A       100%        5
 Arcjolt                  Conj/Air       0%         1d10      100%        5
 Borgnjor's Vile Clutch   Necr/Erth      0%         N/A       100%        5
 Curse of Agony           Necr           0%         N/A       100%        5
 Fireball                 Conj/Fire      0%         3d3       100%        5
 Freezing Cloud           Conj/Ice/Air   0%         6-21      100%        5
 Irradiate                Conj/Alch      0%         3d11      100%        5
 Iskenderun's Battlesphe  Conj           0%         2d6       100%        5
 Lee's Rapid Deconstruct  Erth           0%         3d4*      100%        5
 Metabolic Englaciation   Hex/Ice        0%         N/A       100%        5
 Silence                  Hex/Air        0%         N/A       100%        5
 Bombard                  Conj/Erth      0%         9d1       100%        6
 Conjure Ball Lightning   Conj/Air       0%         3x3d6     100%        6
 Death Channel            Necr           0%         N/A       100%        6
 Eringya's Noxious Bog    Alch           0%         4d6       100%        6
 Plasma Beam              Fire/Air       0%         2x1d10    100%        6
 Sculpt Simulacrum        Ice/Alch       0%         N/A       100%        6
 Starburst                Conj/Fire      0%         6d3       100%        6
 Haunt                    Necr/Summ      0%         N/A       100%        7
 Malign Gateway           Summ/Tloc      0%         N/A       100%        7
 Ozocubu's Refrigeration  Ice            0%         4d7       100%        7
 Borgnjor's Revivificati  Necr           0%         N/A       100%        8
 Discord                  Hex            0%         N/A       100%        8
 Disjunction              Tloc           0%         N/A       100%        8
 Ignition                 Fire           0%         3d3       100%        8
 Infestation              Necr           0%         N/A       100%        8
 Maxwell's Capacitive Co  Air            0%         ∞         100%        8
 Summon Horrible Things   Summ           0%         N/A       100%        8
 Death's Door             Necr           0%         N/A       100%        9
 Dragon's Call            Summ           0%         N/A       100%        9


Dungeon Overview and Level Annotations

Branches:
Dungeon (15/15)            Temple (1/1) D:7            Lair (5/5) D:8
 Shoals (4/4) Lair:2        Snake (4/4) Lair:3        Slime (5/5) Lair:4
    Orc (2/2) D:9             Elf (3/3) Orc:2        Vaults (5/5) D:14
  Crypt (3/3) Vaults:2       Tomb (0/3) Crypt:3      Depths (4/4) D:15
    Zot (5/5) Depths:4     WizLab (visited)

Altars:
Ashenzari
Cheibriados
Dithmenos
Elyvilon
Fedhas
Gozag
Hepliaklqana
Kikubaaqudgha
Makhleb
Nemelex Xobeh
Okawaru
Qazlal
Ru
Sif Muna
Trog
Uskayaw
Vehumet
Wu Jian
Xom
Yredelemnul
Zin
The Shining One
Jiyva

Shops:
D:2 =   D:3 (   D:8 *   Orc:2 ?:*[(   Shoals:1 (   Shoals:2 (   Snake:2 !
Snake:3 (   Vaults:1 (   Vaults:2 *   Vaults:4 :*![?   Vaults:5 ??![
Depths:4 ==:(

Portals:
Hell: Depths:1 Depths:2 Depths:3 Depths:4
Abyss: Depths:1 Depths:2 Depths:3
Pandemonium: Depths:1 Depths:2 Depths:4
Ziggurat: Depths:4

Annotations:
Vaults:3 1 runed translucent door, Natenado's ghost, veteran DjFE


Innate Abilities, Weirdness & Mutations

You are too large for most types of armour.
You have a pair of small horns on your head.
You have tough skin. (AC +1)
You gain doubled healing and magic from potions.
Whenever you drink a healing potion, you attack all around you.


Message History

There is a stone staircase leading down here.
You feel yourself speed up.
What level of the Dungeon? (default 7, ? - help)
There is an open door here.
There is a stone staircase leading up, spattered with blood here.
You climb upwards.
There is a stone staircase leading down here.
There is a stone staircase leading up here.
You climb upwards.
There is a stone staircase leading down, spattered with blood here.
Things that are here:
a +0 giant club; a +0 leather armour; a +0 hand axe Your extra speed is starting to run out.
There is an open door here.
You feel yourself slow down.
There is a stone staircase leading up here.
You climb upwards.
There is a stone staircase leading down here.
A cacodemon comes into view.
An orange demon comes into view.
Blink to where?
Press: ? - help, Dir - move target
As you read the scroll of blinking, it crumbles to dust.
The cacodemon gestures next to you.
Some rock shatters into small pieces.
You block the orange demon's attack.
You climb upwards.
There is a stone staircase leading down here.
What level of the Dungeon? (default 1, ? - help) HP restored.
An Orb Guardian comes into view.
A neqoxec comes into view.
The Orb Guardian is engulfed in blazing flames.
You block the neqoxec's attack.
The Orb Guardian is engulfed in blazing flames.
There is a stone staircase leading up here.
You climb upwards.
There is a stone staircase leading down here.
A large abomination comes into view.
There is a staircase leading out of the dungeon here.
You have escaped!

##.....#########.####......#8###8
#####.#### ##.....##......#####
#....# #.#8~8#.#.........# ####.#
#.#≈≈≈#.#.###....##
#.###.#8≈8#.#.# #....#
#..##.#≈≈≈#.#.# ##.###
##.##.#8~8#.#.####.#
#.###..°..##......# ##
#..###.@.###......#####.
#########.#########........##..
#.........†.......#...........#
#.........#######..###........#
#.........# ##............#
###.........# ####..###..###
.##.........# #...##....#
.###........# ##..##..... .#
#.|......# ###...#.....


There were no monsters in sight!

Vanquished Creatures
  the Royal Jelly (Slime:5)
  Frederick (Vaults:3)
  11 dread liches
  3 ancient liches
  5 orbs of fire
  Khufu (Crypt:2)
  A juggernaut (Depths:4)
  2 royal mummies (Crypt:2)
  Sojobo (Depths:3)
  Vv (Zot:4)
  Xtahua (Crypt:3)
  Josephina (Crypt:1)
  Boris (Crypt:2)
  10 Killer Klowns (Zot:5)
  4 curse toes
  Nikola (Elf:1)
  14 golden dragons
  A mutant beast (WizLab)
  Jory (Crypt:2)
  the Enchantress (Depths:3)
  Norris (Depths:3)
  A bone dragon (Crypt:3)
  2 doom hounds (Depths:3)
  2 electric golems (Zot:5)
  Jorgrun (Orc:1)
  23 tentacled monstrosities
  27 Orb Guardians
  A walking frostbound tome (Depths:2)
  7 quicksilver dragons
  4 deep elf blademasters (Elf:3)
  3 titans
  4 liches
  Grunn (Depths:3)
  4 deep elf master archers (Elf:3)
  7 sphinxes
  34 acid blobs
  11 ancient champions
  Polyphemus (Shoals:4)
  2 krakens
  11 death cobs
  17 storm dragons
  The ghost of brae the Bludgeoner, an adept HuBe of Trog (D:14)
  5 shadow dragons
  The ghost of Sagen the Devastator, an adept DrCj of Vehumet (Snake:3)
  The ghost of jimmypageman the Hoplite, an adept GrFi of Okawaru (Shoals:3)
  6 tengu reavers
  Agnes (Elf:2)
  Donald (Orc:1)
  Aizul (Snake:1)
  21 rockslimes
  5 revenants
  5 nagarajas
  An iron dragon (Vaults:5)
  20 vault wardens
  10 frost giants
  8 deep elf sorcerers
  6 draconian knights
  3 protean progenitors
  8 draconian monks
  3 deep elf elementalists (Elf:3)
  A ghost moth (Zot:1)
  5 draconian shifters
  An emperor scorpion (Depths:3)
  10 azure jellies
  8 fire giants
  Louise (Shoals:4)
  2 balrugs
  A draconian scorcher (Depths:4)
  8 ghouls
  4 reapers
  10 ironbound preservers
  5 spriggan defenders (Depths:3)
  6 draconian annihilators
  3 draconian stormcallers
  3 curse skulls
  2 orc warlords
  3 formless jellyfish (Vaults:4)
  24 quicksilver oozes
  10 green draconians
  21 stone giants
  A juggernaut skeleton (Crypt:3)
  26 very ugly things
  7 vampire knights
  4 ironbound thunderhulks
  6 deep elf demonologists (Elf:3)
  13 black draconians
  10 dire elephants
  8 deep elf annihilators
  The ghost of zeteo the Toxicologist, a journeyman NaAl of Cheibriados (Lair:3)
  13 deep elf death magi
  7 red draconians
  5 war gargoyles
  6 purple draconians
  13 white draconians
  11 yellow draconians
  A lorocyproca (Depths:1)
  3 spark wasps (Depths:2)
  2 eidola
  7 merfolk javelineers
  15 merfolk impalers
  2 crystal guardians (Vaults:1)
  7 deep elf high priests
  The ghost of kftrendy the Grappler, a journeyman TrFi of Wu Jian (Orc:1)
  An entropy weaver (Vaults:1)
  6 fire dragons
  7 ettins
  11 jiangshi
  11 yaktaur captains
  The ghost of Tripartite the Slicer, a journeyman KoBr of Uskayaw (Lair:2)
  Fannar (Orc:1)
  6 hydras
  6 rakshasas
  A juggernaut simulacrum (Depths:2)
  A fenstrider witch zombie (Crypt:2)
  10 ice dragons
  13 great orbs of eyes
  Harold (D:11)
  35 vault guards
  3 salamander tyrants (Snake:4)
  2 ogre magi (Vaults:5)
  6 catoblepae
  3 hell beasts
  3 peacekeepers
  6 radroaches (WizLab)
  2 alligators (Zot:1)
  13 centaur warriors
  15 ironbound frosthearts
  5 spriggan air magi
  An alligator snapping turtle (Shoals:4)
  33 dancing weapons
  11 anacondas
  3 death knights
  5 merfolk aquamancers
  5 satyrs
  Erica (D:11)
  A boulder beetle (D:15)
  3 merfolk avatars (Shoals:4)
  15 naga warriors
  10 two-headed ogres
  10 death yaks
  3 tengu warriors
  A spriggan skeleton (Crypt:3)
  7 deep troll earth magi
  8 vampire magi
  An Orb Guardian skeleton (Crypt:2)
  4 orc high priests (Orc:2)
  2 hell hogs (Depths:3)
  6 deep troll shamans
  4 shock serpents
  19 naga sharpshooters
  8 spriggan berserkers
  A sun demon (Depths:1)
  2 shock serpents (shapeshifter) (WizLab)
  4 soul eaters (Crypt:2)
  27 deep elf knights
  7 skysharks
  8 spriggans
  21 skeletal warriors
  A storm dragon zombie (Crypt:1)
  14 hell knights
  A skyshark (shapeshifter) (WizLab)
  3 shadow wraiths
  A ghost moth zombie (Crypt:3)
  4 sixfirhies
  7 salamander mystics
  9 iron trolls
  2 spriggan druids (Depths:3)
  17 sea snakes
  A storm dragon skeleton (Crypt:2)
  21 deep trolls
  A deep troll (shapeshifter) (WizLab)
  6 lindwurms
  A cherub (D:12)
  12 ironbound convokers
  2 orb spiders (shapeshifter)
  An iron giant zombie (Crypt:2)
  4 flayed ghosts
  A sun moth (shapeshifter) (WizLab)
  8 arcanists
  3 mana vipers (shapeshifter) (WizLab)
  19 deep elf archers
  7 glowing orange brains
  6 naga ritualists
  8 phantasmal warriors
  8 orc knights
  Pikel (D:7)
  37 harpies
  An anaconda skeleton (Crypt:2)
  27 deep elf zephyrmancers
  13 mana vipers
  32 deep elf pyromancers
  5 necromancers
  A tengu skeleton (Vaults:4)
  6 orc sorcerers
  22 fauns
  2 stone giant zombies
  A faun (shapeshifter) (WizLab)
  Maurice (D:8)
  21 salamanders
  A frost giant zombie (Crypt:2)
  16 manticores
  A wolf spider (shapeshifter) (WizLab)
  21 moths of wrath
  A manticore (shapeshifter) (Vaults:5)
  33 ugly things
  7 shining eyes
  3 elephants (Lair:3)
  A naga zombie (Crypt:2)
  A centaur zombie (Crypt:2)
  16 vault sentinels
  3 meliai (Lair:5)
  A meliai (shapeshifter) (D:15)
  A guardian serpent (shapeshifter) (WizLab)
  A moth of wrath (shapeshifter) (WizLab)
  9 merfolk sirens
  7 guardian serpents
  10 water nymphs
  An elephant (shapeshifter) (Vaults:4)
  9 cyclopes
  12 naga magi
  Joseph (D:7)
  A stone giant skeleton (Crypt:3)
  32 black mambas
  4 kobold blastminers
  A centaur skeleton (Crypt:2)
  9 cane toads
  3 eyes of devastation
  7 large abominations (WizLab)
  Maggie (D:10)
  A cane toad (shapeshifter) (WizLab)
  Jeremiah (D:7)
  A tormentor (Depths:1)
  An orb spider zombie (Crypt:3)
  A rime drake (Lair:5)
  A rime drake (shapeshifter) (D:15)
  5 komodo dragons
  5 freezing wraiths
  2 unseen horrors
  30 yaktaurs
  4 guardian mummies (Crypt:3)
  A tengu conjurer (Depths:4)
  2 polar bears
  A human skeleton (Vaults:4)
  An iron troll skeleton (Crypt:2)
  2 trolls
  2 trolls (shapeshifter) (Vaults:5)
  7 wind drakes
  A queen bee (shapeshifter) (WizLab)
  2 harpy zombies (Crypt:2)
  A queen bee (Lair:5)
  A merfolk (shapeshifter) (WizLab)
  14 blink frogs
  48 merfolk
  3 tarantellas (shapeshifter)
  A dream sheep (shapeshifter) (Vaults:5)
  7 hornets
  Prince Ribbit (D:5)
  9 glass eyes
  4 tarantellas
  A glass eye (shapeshifter) (WizLab)
  11 snapping turtles
  A hornet (shapeshifter) (D:13)
  8 dream sheep
  2 ettin zombies
  An ettin skeleton (Vaults:4)
  A shadow (D:10)
  128 slime creatures
  8 wraiths
  5 air elementals
  A ynoxinul (Depths:4)
  3 vampires
  5 wyverns
  A dire elephant simulacrum (Crypt:2)
  21 water elementals
  37 yaks
  5 wargs
  A naga simulacrum (Crypt:2)
  An alligator snapping turtle simulacrum (Crypt:3)
  2 steam dragons
  4 fire elementals
  2 redbacks (Vaults:1)
  An iron golem (WizLab)
  5 golden eyes
  6 humans (D:14)
  A redback (shapeshifter) (WizLab)
  5 basilisks
  A catoblepas simulacrum (Crypt:2)
  A wind drake skeleton (Crypt:1)
  15 vampire mosquitoes
  A harpy simulacrum (Crypt:2)
  48 nagas
  13 water moccasins
  5 hell hounds (Depths:1)
  A two-headed ogre skeleton (Crypt:2)
  2 ice beasts
  39 orc warriors
  7 black bears
  3 sky beasts
  2 laughing skulls (D:14)
  6 ogres
  10 wolves
  The ghost of jagang the Slasher, an amateur HuMo (D:3)
  3 boggarts (Vaults:1)
  6 small abominations (WizLab)
  A manticore skeleton (Crypt:3)
  A crocodile (shapeshifter) (D:14)
  4 lemures (D:7)
  12 centaurs
  3 phantoms
  3 kobold brigands
  A fire crab zombie (Crypt:3)
  A yaktaur zombie (Crypt:3)
  A glowing shapeshifter simulacrum (Depths:2)
  8 bullfrogs
  A necrophage (Crypt:3)
  A vine stalker zombie (Crypt:2)
  A warg zombie (Crypt:2)
  12 earth elementals
  3 scorpions
  3 wights (D:8)
  A spriggan zombie (Crypt:1)
  27 killer bees
  A troll zombie (Crypt:3)
  3 electric eels (Snake:1)
  A howler monkey (D:12)
  A jelly (D:5)
  2 hounds
  36 orc priests
  Crazy Yiuf (D:6)
  9 iguanas
  34 orc wizards
  A black bear skeleton (Crypt:1)
  A mummy (Crypt:2)
  12 adders
  A white imp (D:6)
  2 ufetubi (D:6)
  2 ribbon worms (D:4)
  A dart slug (D:3)
  87 orcs
  5 bats
  11 endoplasms
  4 giant cockroaches
  3 goblins
  5 hobgoblins
  19 kobolds
  3 quokkas
  9 ball pythons
  A bombardier beetle zombie (Crypt:1)
  4 frilled lizards
  A kobold skeleton (Crypt:1)
  5 rats
  An aspiring flesh (Zot:5)
  5 tentacles
2528 creatures vanquished.

Vanquished Creatures (collateral kills)
  2 nagas (Snake:2)
2 creatures vanquished.

Vanquished Creatures (others)
  An ice dragon (Depths:2)
  A naga warrior (Snake:2)
  2 deep elf knights
  2 deep elf pyromancers
  A deep elf zephyrmancer (Elf:1)
  A manticore (Shoals:2)
  A water elemental (Elf:3)
  A human (D:14)
  2 nagas (Snake:4)
  A scorpion (D:7)
  8 tentacles
21 creatures vanquished.

Grand Total: 2551 creatures vanquished

Notes
Turn   | Place    | Note
-------+----------+-------------------------------------------
     0 | D:1      | firemarshallily the Oni Monk began the quest for the Orb.
     0 | D:1      | Reached XP level 1. HP: 24/24 MP: 1/1
   108 | D:1      | Reached XP level 2. HP: 32/32 MP: 2/2
   474 | D:1      | Reached XP level 3. HP: 40/40 MP: 3/3
   673 | D:2      | Reached skill level 1 in Throwing
   753 | D:2      | Found Udwosogax's Jewellery Shoppe.
   903 | D:2      | Reached skill level 5 in Fighting
   921 | D:2      | Reached XP level 4. HP: 44/50 MP: 4/4
   958 | D:2      | Found an ancient bone altar of Kikubaaqudgha.
  1425 | D:3      | HP: 1/50 [orc priest/divine providence (13)]
  1434 | D:3      | Reached XP level 5. HP: 35/57 MP: 5/5
  1542 | D:3      | Noticed jagang's ghost (amateur HuMo)
  1575 | D:3      | You fall into a shaft and drop 1 floor!
  1995 | D:4      | Noticed an ogre
  2005 | D:4      | Killed an ogre
  2006 | D:4      | Reached skill level 6 in Fighting
  2006 | D:4      | Reached XP level 6. HP: 67/67 MP: 6/6
  2324 | D:5      | Entered Level 5 of the Dungeon
  2370 | D:5      | Noticed an ice beast
  2373 | D:5      | Noticed Prince Ribbit
  2833 | D:4      | Reached skill level 7 in Fighting
  2833 | D:4      | Reached XP level 7. HP: 73/78 MP: 7/7
  2890 | D:4      | Reached skill level 5 in Maces & Flails
  3257 | D:5      | Reached XP level 8. HP: 79/88 MP: 8/8
  3307 | D:5      | Reached skill level 8 in Fighting
  3374 | D:5      | Killed Prince Ribbit
  3899 | D:6      | Reached skill level 9 in Fighting
  4187 | D:6      | Found a snail-covered altar of Cheibriados.
  4187 | D:6      | Found a white marble altar of Elyvilon.
  4272 | D:6      | Reached XP level 9. HP: 100/100 MP: 9/9
  4583 | D:6      | Reached skill level 5 in Dodging
  4715 | D:6      | Found a runed translucent door.
  4716 | D:6      | Noticed Crazy Yiuf
  4722 | D:6      | Killed Crazy Yiuf
  4797 | D:7      | Noticed Pikel
  4848 | D:7      | Reached skill level 10 in Fighting
  5033 | D:7      | Noticed a komodo dragon
  5038 | D:7      | Gained mutation: You possess an exceptional clarity of
                  | mind. [potion of mutation]
  5038 | D:7      | Gained mutation: You have large cloven feet. [potion of
                  | mutation]
  5048 | D:7      | Killed a komodo dragon
  5060 | D:7      | Reached skill level 5 in Throwing
  5351 | D:7      | Killed Pikel
  5405 | D:7      | Reached skill level 11 in Fighting
  5407 | D:7      | Noticed Joseph
  5418 | D:7      | Killed Joseph
  5419 | D:7      | Reached XP level 10. HP: 87/114 MP: 10/10
  5722 | D:7      | Noticed Jeremiah
  5745 | D:7      | Killed Jeremiah
  5970 | D:7      | Found a staircase to the Ecumenical Temple.
  5976 | Temple   | Entered the Ecumenical Temple
  5984 | Temple   | Became a worshipper of Qazlal Stormbringer
  5984 | Temple   | Reached * piety under Qazlal
  5984 | Temple   | Reached ** piety under Qazlal
  6189 | D:8      | Reached skill level 1 in Invocations
  6607 | D:8      | Reached skill level 12 in Fighting
  6620 | D:8      | Found a staircase to the Lair.
  6884 | D:8      | Noticed a two-headed ogre
  6900 | D:8      | Killed a two-headed ogre
  7029 | D:8      | Noticed Maurice
  7034 | D:8      | Paralysed by Maurice for 2 turns
  7049 | D:8      | Paralysed by Maurice for 3 turns
  7062 | D:8      | Killed Maurice
  7243 | D:8      | Found Tetepp's Assorted Antiques.
  7247 | D:8      | Bought a scroll labelled MAGAGO OSAILIO for 23 gold pieces
  7472 | D:8      | Reached XP level 11. HP: 126/126 MP: 12/12
  7761 | D:9      | Reached skill level 13 in Fighting
  7919 | D:9      | Found a broken altar of Ashenzari.
  7952 | D:9      | Found an ancient bone altar of Kikubaaqudgha.
  7986 | D:9      | Noticed a two-headed ogre
  7997 | D:9      | Killed a two-headed ogre
  7998 | D:9      | Reached skill level 10 in Maces & Flails
  8039 | D:9      | Reached *** piety under Qazlal
  8214 | D:9      | Found a staircase to the Orcish Mines.
  8298 | D:10     | Entered Level 10 of the Dungeon
  8442 | D:10     | Identified the +8 flail "Pendulum" {venom, Int+3}
  8770 | D:10     | Noticed Maggie
  8779 | D:10     | Killed Maggie
  8896 | D:11     | Noticed Harold
  8903 | D:11     | Killed Harold
  8904 | D:11     | Reached skill level 14 in Fighting
  8971 | D:11     | Noticed a cyclops
  8976 | D:11     | Killed a cyclops
  8977 | D:11     | Reached skill level 1 in Armour
  9217 | D:11     | Noticed a cyclops
  9226 | D:11     | Killed a cyclops
  9463 | D:11     | Noticed Erica
  9466 | D:11     | Killed Erica
  9494 | D:11     | Noticed a cyclops
  9503 | D:11     | Killed a cyclops
  9504 | D:11     | Reached XP level 12. HP: 115/140 MP: 14/14
  9652 | D:12     | Noticed a two-headed ogre
  9666 | D:12     | Killed a two-headed ogre
  9666 | D:12     | Reached **** piety under Qazlal
  9900 | D:12     | Noticed a two-headed ogre
  9908 | D:12     | Killed a two-headed ogre
 10115 | D:12     | Reached skill level 15 in Fighting
 10218 | D:12     | Found a sacrificial altar of Ru.
 10987 | Lair:1   | Entered Level 1 of the Lair of Beasts
 11258 | Lair:1   | Identified the +5 whip of Xihoamo {heavy, rF+}
 11310 | Lair:1   | Identified the +7 scimitar "Piaqifid" {flame, rC+}
 11330 | Lair:1   | Noticed a catoblepas
 11347 | Lair:1   | Killed a catoblepas
 11523 | Lair:1   | Identified the scarf "Dots" {repulsion, rN+ rCorr Dex+4
                  | Stlth-}
 12123 | Lair:2   | Noticed Tripartite's ghost (journeyman KoBr)
 12126 | Lair:2   | Found a runed translucent door.
 12363 | Lair:2   | Noticed a seven-headed hydra
 12375 | Lair:2   | Killed a seven-headed hydra
 12376 | Lair:2   | Reached skill level 16 in Fighting
 12999 | Lair:2   | Found a staircase to the Shoals.
 13480 | D:3      | Found a faded altar of an unknown god.
 13955 | Lair:3   | Noticed a six-headed hydra
 13958 | Lair:3   | Killed a six-headed hydra
 13959 | Lair:3   | Reached XP level 13. HP: 154/154 MP: 15/15
 14390 | Lair:3   | Found a staircase to the Snake Pit.
 14598 | Lair:3   | Found a runed translucent door.
 14606 | Lair:3   | Noticed zeteo's ghost (journeyman NaAl)
 14618 | Lair:3   | Killed zeteo's ghost
 14619 | Lair:3   | Reached skill level 17 in Fighting
 15120 | Lair:4   | Reached skill level 5 in Armour
 15571 | Lair:4   | Found a staircase to the Slime Pits.
 15585 | Lair:4   | Reached ***** piety under Qazlal
 16160 | Lair:5   | Entered Level 5 of the Lair of Beasts
 16772 | Lair:5   | Reached skill level 18 in Fighting
 16772 | Lair:5   | Reached XP level 14. HP: 82/169 MP: 12/16
 16923 | Lair:5   | Reached skill level 10 in Throwing
 17955 | Lair:5   | Identified the maw talisman of the Hidden Vale {rElec
                  | Dex+2}
 18228 | Orc:1    | Entered Level 1 of the Orcish Mines
 18245 | Orc:1    | Reached skill level 5 in Invocations
 18570 | Orc:2    | Entered Level 2 of the Orcish Mines
 18597 | Orc:2    | Reached skill level 19 in Fighting
 18605 | Orc:2    | Found Roamuxze's Magic Scroll Shoppe.
 18813 | Orc:2    | Found a staircase to the Elven Halls.
 18817 | Orc:2    | Bought a scroll of fear for 60 gold pieces
 18817 | Orc:2    | Bought a scroll of brand weapon for 142 gold pieces
 18817 | Orc:2    | Bought a scroll of identify for 30 gold pieces
 18817 | Orc:2    | Bought a scroll of vulnerability for 60 gold pieces
 18817 | Orc:2    | Bought a scroll of poison for 60 gold pieces
 18817 | Orc:2    | Bought a scroll of fog for 60 gold pieces
 18878 | Orc:2    | Noticed Donald
 18896 | Orc:1    | Killed Donald
 19148 | Orc:2    | Reached ****** piety under Qazlal
 19263 | Orc:2    | Reached skill level 1 in Shields
 19298 | Orc:2    | Noticed an orc warlord
 19629 | Orc:1    | HP: 8/172 [orc warlord/+2 war axe of holy wrath (33)]
 19630 | Orc:1    | Killed an orc warlord
 20825 | Orc:2    | Found Otoilu's General Store.
 20826 | Orc:2    | Found Teolela's Book Shoppe.
 20828 | Orc:2    | Found Jeump's Antique Armour Shoppe.
 20828 | Orc:2    | Found Luarinuf's Antique Weapon Emporium.
 20833 | Orc:2    | Bought a potion of haste for 150 gold pieces
 20833 | Orc:2    | Bought 6 boomerangs for 180 gold pieces
 20833 | Orc:2    | Bought 4 atropa-tipped darts for 54 gold pieces
 20833 | Orc:2    | Bought a scroll of identify for 30 gold pieces
 20907 | Orc:1    | Noticed Jorgrun
 20920 | Orc:1    | Killed Jorgrun
 20921 | Orc:1    | Reached XP level 15. HP: 150/183 MP: 19/19
 21052 | Orc:1    | Noticed kftrendy's ghost (journeyman TrFi)
 21081 | Orc:1    | Noticed Fannar
 21096 | Orc:1    | Killed Fannar
 21186 | Orc:1    | Found a runed translucent gate.
 21186 | Orc:1    | Found a runed translucent gate.
 21187 | Orc:1    | Found a runed translucent gate.
 21449 | Orc:1    | Killed kftrendy's ghost
 21770 | D:13     | Reached skill level 20 in Fighting
 21861 | D:13     | Found a radiant altar of Vehumet.
 22556 | D:8      | Bought a scroll of enchant armour for 172 gold pieces
 23226 | D:14     | Reached skill level 5 in Shields
 23528 | D:14     | Identified the +5 broad axe of Hairy Subterfuge {elec,
                  | Dex+2}
 23645 | D:14     | Found a gate to the Vaults.
 24043 | D:15     | Entered Level 15 of the Dungeon
 24067 | D:15     | Found a staircase to the Depths.
 24067 | D:15     | Noticed a fire giant
 24463 | D:15     | Killed a fire giant
 24767 | D:15     | Found a runed translucent gate.
 24767 | D:15     | Found a runed translucent gate.
 24767 | D:15     | Noticed brae's ghost (adept HuBe)
 24768 | D:15     | Found a runed translucent gate.
 24770 | D:15     | Noticed a rockslime
 25036 | D:15     | Found a viscous altar of Jiyva.
 25268 | D:3      | Found Girusil's Antique Weapon Boutique.
 25316 | D:3      | Found a runed translucent gate.
 25316 | D:3      | Found a runed translucent gate.
 25316 | D:3      | Found a runed translucent gate.
 25383 | D:3      | Killed jagang's ghost
 25608 | Lair:2   | Killed Tripartite's ghost
 25671 | Shoals:1 | Entered Level 1 of the Shoals
 26092 | Shoals:1 | Reached XP level 16. HP: 182/195 MP: 22/22
 26800 | Shoals:1 | Found Ekkocet's Weapon Shop.
 26917 | Shoals:1 | Reached skill level 21 in Fighting
 27216 | Shoals:2 | Reached skill level 15 in Maces & Flails
 27249 | Shoals:2 | HP: 6/197 [drowned by a water elemental[a merfolk
                  | aquamancer] (5)]
 27635 | Shoals:2 | Found Kinopn's Antique Weapon Shoppe.
 27652 | Shoals:2 | Identified the +3 falchion of the Hall of Blades {holy,
                  | rPois}
 27907 | Shoals:2 | Noticed a kraken
 27921 | Shoals:2 | Killed a kraken
 28534 | Shoals:3 | Reached XP level 17. HP: 140/205 MP: 23/23
 28896 | Shoals:3 | Noticed jimmypageman's ghost (adept GrFi)
 28934 | Shoals:3 | Reached skill level 10 in Shields
 28993 | Shoals:3 | Found a transporter.
 29298 | Shoals:3 | Found a transporter.
 29969 | Orc:2    | Bought a manual of Invocations for 1200 gold pieces
 30186 | Shoals:4 | Entered Level 4 of the Shoals
 30190 | Shoals:4 | Noticed a kraken
 30215 | Shoals:4 | Killed a kraken
 30525 | Shoals:4 | Noticed Polyphemus
 31371 | Shoals:4 | Identified the +2 tower shield of Crawling {^Drain rF+
                  | Dex+4}
 31371 | Shoals:4 | Noticed Louise
 31391 | Shoals:4 | Killed Louise
 31392 | Shoals:4 | Reached skill level 22 in Fighting
 31976 | Shoals:4 | Killed Polyphemus
 31977 | Shoals:4 | Reached skill level 10 in Invocations
 32524 | Shoals:4 | Got a barnacled rune of Zot
 32888 | Snake:1  | Entered Level 1 of the Snake Pit
 33359 | Snake:1  | Reached XP level 18. HP: 218/218 MP: 25/25
 33403 | Snake:1  | Found the necklace of Bloodlust {Fury *Rage Will++ Int-3
                  | Slay+6}
 33575 | Snake:1  | Identified the serpent talisman "Kior" {rF++ Dex+3}
 33575 | Snake:1  | Noticed Aizul
 33591 | Snake:1  | Killed Aizul
 34014 | Snake:1  | Identified the +5 hand axe "Rouno" {freeze, rCorr Str+4
                  | Int+3}
 35062 | Snake:2  | Reached skill level 23 in Fighting
 35364 | Snake:2  | Found Zanezih's Distillery.
 35805 | Snake:3  | Found Xasoro Zexe's Antique Weapon Boutique.
 35849 | Snake:3  | Found a runed translucent door.
 35849 | Snake:3  | Noticed Sagen's ghost (adept DrCj)
 36244 | Snake:4  | Entered Level 4 of the Snake Pit
 36828 | Snake:4  | Reached XP level 19. HP: 138/234 MP: 28/28
 37410 | Snake:4  | Reached skill level 24 in Fighting
 38480 | Snake:4  | Got a serpentine rune of Zot
 38560 | Snake:2  | Bought a potion of haste for 190 gold pieces
 38875 | Vaults:1 | Entered Level 1 of the Vaults
 39087 | Vaults:1 | Reached skill level 15 in Throwing
 39173 | Vaults:1 | Identified the +10 scimitar of Drought {protect, +Blink
                  | rPois}
 39332 | Vaults:1 | Found Uhom's Weapon Emporium.
 40828 | Vaults:2 | Found a staircase to the Crypt.
 41053 | Vaults:2 | Identified the +1 leather armour of the Arena {Dex+3}
 41057 | Vaults:2 | Found Xian Gixi's Assorted Antiques.
 41064 | Vaults:2 | Bought a slimy copper ring for 180 gold pieces
 41064 | Vaults:2 | Identified the ring "Sached" {rC+ Int+6} (You bought it in
                  | a shop on level 2 of the Vaults)
 41087 | Vaults:2 | Reached skill level 10 in Armour
 41087 | Vaults:2 | Reached XP level 20. HP: 247/247 MP: 29/29
 41402 | Vaults:2 | Reached skill level 25 in Fighting
 42282 | Vaults:3 | Identified the orb of Rage {*channel, rF+ Will+ Str+3}
 42282 | Vaults:3 | Noticed Frederick
 42294 | Vaults:3 | Killed Frederick
 42755 | Vaults:3 | Found a runed translucent door.
 42755 | Vaults:3 | Found a shimmering altar of Xom.
 42755 | Vaults:3 | Noticed Natenado's ghost (veteran DjFE)
 42848 | Vaults:3 | You fall into a shaft and drop 1 floor!
 42849 | Vaults:4 | Found a magical portal.
 42903 | Vaults:4 | Found Sasum's Distillery.
 42910 | Vaults:4 | Bought a potion of mutation for 88 gold pieces
 42910 | Vaults:4 | Bought a potion of heal wounds for 55 gold pieces
 42910 | Vaults:4 | Bought a potion of heal wounds for 55 gold pieces
 42994 | WizLab   | Entered Cigotuvi's Fleshworks
 43210 | WizLab   | Got Cigotuvi's Precepts of Intoxication and Corpses
 43860 | WizLab   | Found the -2 hat of the Alchemist {rElec rPois rF+ rC+ rN+
                  | Will+ rMut rCorr}
 44240 | Vaults:4 | Reached XP level 21. HP: 250/260 MP: 30/30
 44440 | Vaults:4 | Paralysed by a formless jellyfish for 1 turns
 44792 | Vaults:4 | Found the +7 mace of Variability {chaos, chaos arc}
 44898 | Vaults:4 | Found Maobb's Book Emporium.
 44978 | Vaults:4 | Found Riennika's Magic Scroll Shop.
 44989 | Vaults:4 | Reached skill level 26 in Fighting
 45189 | Vaults:4 | Found Tippixzuohy's Armour Shop.
 45191 | Vaults:4 | Found Omuc's Assorted Antiques.
 46462 | Elf:1    | Entered Level 1 of the Elven Halls
 46572 | Elf:1    | Reached skill level 15 in Shields
 46895 | Elf:1    | Noticed Nikola
 46905 | Elf:1    | Killed Nikola
 47715 | Elf:1    | Paralysed by an air elemental for 1 turns
 48315 | Elf:2    | Paralysed by an air elemental for 1 turns
 48544 | Elf:2    | Reached XP level 22. HP: 269/270 MP: 31/31
 48649 | Elf:2    | Found a runed translucent gate.
 48650 | Elf:2    | Found a runed translucent gate.
 48650 | Elf:2    | Found a runed translucent gate.
 48655 | Elf:2    | Noticed Agnes
 48665 | Elf:2    | Reached skill level 27 in Fighting
 48669 | Elf:2    | Killed Agnes
 49320 | Elf:3    | Entered Level 3 of the Elven Halls
 49488 | Elf:3    | Paralysed by an air elemental for 1 turns
 49909 | Elf:3    | Identified the ring of Duwkeun {rF- rC- rCorr EV+5 Stlth+}
 50718 | Elf:3    | Identified the +7 short sword of Summertime {flame, rElec
                  | Str+4}
 50720 | Elf:3    | Identified the +6 rapier of Xom's Envy {speed, rC+ Str+4}
 51193 | Elf:3    | Identified the ring "Bosanir" {Will+ Int+4 Dex+6}
 51833 | Elf:3    | Identified the +0 arbalest "Wucviemp" {freeze, Will++ Int+2
                  | Dex-3 SInv}
 51905 | Elf:3    | Got the Exposition on Battle Magic
 51925 | Elf:3    | Identified the +0 flail "Yfyitoiwk" {protect, ^Drain rElec
                  | SInv}
 51928 | Elf:3    | Identified the staff of Cyttu Vieg {MP+9 Str+4 Conj Necro}
 52585 | Vaults:5 | Entered Level 5 of the Vaults
 52588 | Vaults:5 | Reached skill level 15 in Invocations
 52593 | Vaults:5 | Reached XP level 23. HP: 247/284 MP: 10/34
 53146 | Vaults:5 | Noticed an ancient lich
 53292 | Vaults:5 | Identified the staff "Datalus" {rN+ Stlth+ Necro}
 53299 | Vaults:5 | Noticed an ancient lich
 53318 | Vaults:5 | Killed an ancient lich
 53644 | Vaults:5 | Noticed a dread lich
 53651 | Vaults:5 | Killed a dread lich
 53889 | Vaults:5 | Got a silver rune of Zot
 53915 | Vaults:5 | Killed an ancient lich
 53916 | Vaults:5 | Reached skill level 15 in Armour
 54268 | Vaults:5 | Got the Grimoire of the Blistering Wind
 54602 | Vaults:5 | Found Sanun's Antique Armour Shop.
 54607 | Vaults:5 | Identified the staff "Widowermaker" {rC+ Will+ Dex+3 Stlth+
                  | Ice}
 54675 | Vaults:5 | Noticed a dread lich
 54686 | Vaults:5 | Killed a dread lich
 54713 | Vaults:5 | Found Upsismuh's Distillery.
 54718 | Vaults:5 | Bought a potion of invisibility for 168 gold pieces
 54825 | Vaults:5 | Identified the +4 whip "Kamoz Mimp" {spect, rPois rC+
                  | Dex+5}
 54896 | Vaults:5 | Found Xuogais's Magic Scroll Boutique.
 54904 | Vaults:5 | Bought a scroll of acquirement for 624 gold pieces
 54904 | Vaults:5 | Acquired the ring "Baech" {rN+ Will+ Dex+2}
 54945 | Vaults:5 | Found Quuget's Magic Scroll Shoppe.
 55567 | Slime:1  | Entered Level 1 of the Pits of Slime
 55618 | Slime:1  | Reached XP level 24. HP: 289/295 MP: 34/34
 58285 | Slime:5  | Entered Level 5 of the Pits of Slime
 60088 | Slime:5  | Noticed the Royal Jelly
 60717 | Slime:5  | Killed the Royal Jelly
 61433 | Slime:5  | Identified the +2 hand cannon of Jeytoiru {flame, Int+4}
 61484 | Slime:5  | Got a slimy rune of Zot
 61494 | Slime:5  | Identified the amulet "Feseu" {Acrobat Regen+ Dex+4}
 61503 | Slime:5  | Identified the ring of Cimulab {rN+ Str+3 Dex+3}
 61533 | Slime:5  | Identified the staff of Premature Burial {rC+ Str+3 Ice}
 61823 | Shoals:3 | Found a bloodstained altar of Trog.
 61857 | Shoals:3 | Killed jimmypageman's ghost
 62239 | Snake:3  | Killed Sagen's ghost
 62247 | Snake:3  | Identified the +7 scimitar of the Undead {elec, Str+3}
 62959 | D:14     | Killed brae's ghost
 63137 | Depths:1 | Entered Level 1 of the Depths
 63231 | Depths:1 | Reached XP level 25. HP: 296/304 MP: 35/35
 63425 | Depths:1 | Found a gateway to Hell.
 63717 | Depths:1 | Found a one-way gate to the infinite horrors of the Abyss.
 64039 | Depths:1 | Found a one-way gate leading to the halls of Pandemonium.
 65674 | Depths:2 | Identified the +1 battleaxe of Ymilatep {freeze, rF- rC+
                  | Dex+4 SInv}
 66169 | Depths:3 | Noticed Norris
 66176 | Depths:3 | Killed Norris
 66413 | Depths:3 | Noticed Grunn
 66421 | Depths:3 | Killed Grunn
 66617 | Depths:3 | Noticed the Enchantress
 66628 | Depths:3 | Killed the Enchantress
 67164 | Depths:3 | Reached skill level 10 in Dodging
 67164 | Depths:3 | Reached XP level 26. HP: 231/314 MP: 35/35
 67408 | Depths:3 | Noticed Sojobo
 67410 | Depths:3 | Paralysed by an air elemental for 1 turns
 67430 | Depths:3 | Killed Sojobo
 67829 | Depths:4 | Entered Level 4 of the Depths
 67926 | Depths:4 | Found a one-way gateway to a ziggurat.
 68099 | Depths:4 | Found a gate to the Realm of Zot.
 68130 | Depths:4 | Identified the ring "Setheroi" {rElec rPois EV+5 Str+3}
 68131 | Depths:4 | Noticed a juggernaut
 68141 | Depths:4 | Killed a juggernaut
 68567 | Depths:4 | Found Lumpes's Book Boutique.
 68567 | Depths:4 | Found Tuettek's Jewellery Emporium.
 68568 | Depths:4 | Found Woingosyl's Jewellery Emporium.
 68666 | Depths:4 | Found Meiwuell's Antique Weapon Shop.
 69300 | Vaults:4 | Bought 3 scrolls of blinking for 675 gold pieces
 69300 | Vaults:4 | Bought a scroll of teleportation for 90 gold pieces
 69347 | Vaults:5 | Bought a scroll of silence for 114 gold pieces
 69347 | Vaults:5 | Bought a scroll of teleportation for 36 gold pieces
 69347 | Vaults:5 | Bought 3 scrolls of teleportation for 108 gold pieces
 69358 | Vaults:5 | Bought a scroll of teleportation for 54 gold pieces
 69358 | Vaults:5 | Bought a scroll of revelation for 135 gold pieces
 69358 | Vaults:5 | Bought a scroll of teleportation for 54 gold pieces
 69358 | Vaults:5 | Bought 3 scrolls of teleportation for 162 gold pieces
 69372 | Vaults:5 | Bought 2 potions of haste for 420 gold pieces
 69413 | Vaults:4 | Bought a scroll of teleportation for 54 gold pieces
 69413 | Vaults:4 | Bought a scroll of teleportation for 54 gold pieces
 69494 | Crypt:1  | Entered Level 1 of the Crypt
 70540 | Crypt:2  | Noticed a royal mummy
 70542 | Crypt:2  | Noticed Khufu
 70544 | Crypt:2  | Noticed a royal mummy
 70546 | Crypt:2  | Killed a royal mummy
 70546 | Crypt:2  | Noticed Jory
 70548 | Crypt:2  | Noticed Boris
 70550 | Crypt:2  | Killed Khufu
 70624 | Crypt:2  | Found a basalt altar of Yredelemnul.
 70748 | Crypt:2  | Identified the ring "Hastih" {Ice Slay+4}
 70748 | Crypt:2  | Noticed Josephina
 70755 | Crypt:1  | Killed Josephina
 70798 | Crypt:2  | Killed Jory
 70804 | Crypt:2  | Killed a royal mummy
 70807 | Crypt:2  | Killed Boris
 71174 | Crypt:2  | Noticed a dread lich
 71183 | Crypt:2  | Killed a dread lich
 71650 | Crypt:2  | Found a basalt altar of Yredelemnul.
 71758 | Crypt:3  | Entered Level 3 of the Crypt
 72054 | Crypt:2  | Reached XP level 27. HP: 145/321 MP: 35/35
 72305 | Crypt:3  | Noticed Xtahua
 72322 | Crypt:3  | Killed Xtahua
 73148 | Crypt:3  | Found a staircase to the Tomb.
 73854 | Crypt:3  | Identified the +2 scale mail of Conscience {rPois rF+ rC+}
 73868 | Crypt:3  | Found an ancient bone altar of Kikubaaqudgha.
 74033 | Crypt:3  | Found a basalt altar of Yredelemnul.
 74044 | Crypt:3  | Got the Compilation of Maleficent Liturgies
 74093 | Crypt:3  | Identified the ring "Oqiesieg" {rN+ Str-4 Int+4 Dex+3 SInv}
 74093 | Crypt:3  | Identified the ring of Gojiomp {rPois rN+ rCorr}
 74093 | Crypt:3  | Identified the ring of Cocuf {rC+ rN+ Str+3 Int+6 Dex-2}
 74098 | Crypt:3  | Got Esorist's Codex of Arctic Execration
 74659 | Zot:1    | Entered Level 1 of the Realm of Zot
 75688 | Zot:1    | Noticed an orb of fire
 75700 | Zot:1    | Gained mutation: Armour fits poorly on your strangely
                  | shaped body. [an orb of fire]
 75710 | Zot:1    | Killed an orb of fire
 75844 | Depths:4 | Lost mutation: You possess an exceptional clarity of mind.
                  | [potion of mutation]
 75844 | Depths:4 | Lost mutation: Armour fits poorly on your strangely shaped
                  | body. [potion of mutation]
 75844 | Depths:4 | Gained mutation: You are partially covered in iridescent
                  | scales. (AC +2) [potion of mutation]
 76231 | Vaults:5 | Bought a potion of resistance for 210 gold pieces
 76272 | Vaults:4 | Bought a scroll of blinking for 135 gold pieces
 76593 | Orc:2    | Bought a scroll of enchant armour for 112 gold pieces
 76657 | D:8      | Bought a scroll of teleportation for 69 gold pieces
 79420 | Zot:3    | Noticed a dread lich
 79443 | Zot:3    | Killed a dread lich
 79447 | Zot:3    | Noticed a dread lich
 79454 | Zot:3    | Killed a dread lich
 79509 | Zot:3    | Noticed a dread lich
 79525 | Zot:3    | Noticed a dread lich
 79526 | Zot:3    | Killed a dread lich
 79532 | Zot:3    | Killed a dread lich
 79546 | Zot:3    | Noticed a dread lich
 79549 | Zot:3    | Killed a dread lich
 80132 | Zot:4    | Noticed an orb of fire
 80140 | Zot:4    | Killed an orb of fire
 80461 | Zot:4    | Paralysed by a Zot trap for 2 turns
 80461 | Zot:4    | Noticed Vv
 80482 | Zot:4    | Killed Vv
 80818 | Zot:5    | Entered Level 5 of the Realm of Zot
 81763 | Zot:5    | Acquired 1025 gold pieces
 81789 | Zot:5    | Gained mutation: You sometimes lose your temper in combat.
                  | [mutagenic glow]
 81797 | Zot:5    | Gained mutation: You have an uncontrollable temper.
                  | [mutagenic glow]
 81867 | Zot:4    | Lost mutation: You have large cloven feet. [potion of
                  | mutation]
 81867 | Zot:4    | Lost mutation: You have an uncontrollable temper. [potion
                  | of mutation]
 81867 | Zot:4    | Lost mutation: You are partially covered in iridescent
                  | scales. (AC +2) [potion of mutation]
 81868 | Zot:4    | Lost mutation: You sometimes lose your temper in combat.
                  | [potion of mutation]
 81868 | Zot:4    | Gained mutation: You have sharp fingernails. [potion of
                  | mutation]
 81869 | Zot:4    | Lost mutation: You have sharp fingernails. [potion of
                  | mutation]
 81870 | Zot:4    | Gained mutation: Your muscles are strong. (Str +4, Int/Dex
                  | -1) [potion of mutation]
 81870 | Zot:4    | Gained mutation: Your mind is acute. (Int +4, Str/Dex -1)
                  | [potion of mutation]
 81871 | Zot:4    | Lost mutation: Your muscles are strong. (Str +4, Int/Dex
                  | -1) [potion of mutation]
 81871 | Zot:4    | Lost mutation: Your mind is acute. (Int +4, Str/Dex -1)
                  | [potion of mutation]
 81871 | Zot:4    | Gained mutation: You occasionally lose the ability to drink
                  | potions when taking damage. [potion of mutation]
 81872 | Zot:4    | Lost mutation: You occasionally lose the ability to drink
                  | potions when taking damage. [potion of mutation]
 81872 | Zot:4    | Gained mutation: You are vulnerable to cold. (rC-) [potion
                  | of mutation]
 81873 | Zot:4    | Lost mutation: You are vulnerable to cold. (rC-) [potion of
                  | mutation]
 81873 | Zot:4    | Gained mutation: You are weak. (Str -2) [potion of
                  | mutation]
 81874 | Zot:4    | Lost mutation: You are weak. (Str -2) [potion of mutation]
 81874 | Zot:4    | Gained mutation: Your body sometimes deteriorates upon
                  | taking damage. [potion of mutation]
 81875 | Zot:4    | Lost mutation: Your body sometimes deteriorates upon taking
                  | damage. [potion of mutation]
 81875 | Zot:4    | Gained mutation: You are agile. (Dex +4, Str/Int -1)
                  | [potion of mutation]
 81902 | Zot:5    | Noticed an orb of fire
 81912 | Zot:5    | Killed an orb of fire
 81917 | Zot:5    | Noticed a dread lich
 81920 | Zot:5    | Killed a dread lich
 81969 | Zot:5    | Noticed an orb of fire
 81985 | Zot:5    | Killed an orb of fire
 82477 | Zot:5    | Noticed a dread lich
 82485 | Zot:5    | Killed a dread lich
 82509 | Zot:5    | Noticed an ancient lich
 82529 | Zot:5    | Killed an ancient lich
 82531 | Zot:5    | Noticed an orb of fire
 82533 | Zot:5    | Gained mutation: You do not regenerate when monsters are
                  | visible. [an orb of fire]
 83339 | Zot:5    | Killed an orb of fire
 83346 | Zot:5    | Lost mutation: You are agile. (Dex +4, Str/Int -1) [potion
                  | of mutation]
 83346 | Zot:5    | Lost mutation: You do not regenerate when monsters are
                  | visible. [potion of mutation]
 84821 | Zot:5    | Noticed a dread lich
 84847 | Zot:5    | Killed a dread lich
 84914 | Zot:5    | Got the Orb of Zot
 85122 | Depths:2 | Noticed Runut the pandemonium lord
 85601 | D:$      | Escaped with the Orb!

Illustrated notes

Levels and vault maps discovered:
D:1:      lightli_arrival_statue_moat, layout_basic, serial_corexii_hall,
          corexii_hall_statues_i, corexii_hall_statues_x, st_stairs_2,
          corexii_leaking_fountain
D:2:      layout_basic, basic_altar, serial_shops, shop
D:3:      layout_rooms, nicolae_ecumenical_snake_handling,
          gammafunk_ghost_split, serial_shops, shop, kennysheep_minor_cross,
          minmay_liquid_box
D:4:      layout_basic
D:5:      layout_rooms, serial_bayou_pond_e, uniq_prince_ribbit1
D:6:      layout_gridville, chequers_temple_overflow_statue_of_worship,
          minmay_fractal_squares_5, uniq_crazy_yiuf_cottage
D:7:      layout_basic, minmay_temple_entry_fiery, hex_medium,
          minmay_lizard_king, uniq_joseph, uniq_pikel, uniq_jeremiah
D:8:      layout_layer_cave, due_lair_maze_entry_diamond, serial_shops,
          nicolae_shop_advertising_works [nicolae_subvault_shop_adworks],
          uniq_maurice
D:9:      layout_rooms, lemuel_tele_altar, mainiacjoe_overflow_cross_hatched,
          orc_0_dummy
D:10:     layout_rooms, uniq_maggie
D:11:     layout_roguey, uniq_harold, uniq_erica
D:12:     layout_layer_cave, nicolae_ru_awakened_eye
D:13:     layout_basic, minmay_misc_feat_iff, vehumet_altar_wand_db
D:14:     layout_small_grid, ximxim_vaults_locker_room,
          minmay_misc_feat_nine_boxes
D:15:     grunt_enter_depths_giant_problem, layout_basic, gammafunk_ghost_ooze,
          chequers_serial_rivers_micro_b
Temple:   nicolae_temple_no_exploring_needed
Lair:1:   layout_hall_layers, nicolae_quartered_pool_medium
Lair:2:   layout_concentric_octagons, mainiacjoe_shoals_entry_four_pools,
          hellmonk_ghost_happy_afterlife
Lair:3:   layout_concentric_octagons, guppyfry_snake_entry_garden,
          ebering_ghost_reflecting_pool, beast_lair_carwin_11
Lair:4:   layout_cave_pods, slime_entry_1, minmay_stone_trees_small
Lair:5:   evilmike_catoblepas_cave, layout_cave_shapes, special_room
          [special_room_bee]
Shoals:1: layout_shoals, nicolae_take_the_stairs,
          nicolae_shoals_dead_sea_scrolls
Shoals:2: layout_shoals, serial_shops, nicolae_shop_tiny_real_fake_doors,
          nicolae_shoals_hidden_pirate_stash
Shoals:3: cheibrodos_shoals_satyrical_garden, layout_shoals,
          gammafunk_ghost_wrathful_warriors
Shoals:4: shoals_end_grunt_ice, layout_shoals, uniq_louise, uniq_polyphemus
Snake:1:  layout_honeycomb, serial_bayou_shore_a, uniq_aizul
Snake:2:  layout_cave_shapes, serial_bayou_shore_b, minmay_shop_star
Snake:3:  layout_misc_corridors, serial_shops, shop,
          ebering_ghost_reflecting_pool
Snake:4:  johnstein_snake_rune_scales, layout_cave_town, guppyfry_snake_island
Slime:1:  layout_caves
Slime:2:  layout_caves
Slime:3:  cheibrodos_slime_lost_civilization_10, layout_caves
Slime:4:  layout_caves
Slime:5:  slime_pit_nicolae_royal_road_to_ruin
Orc:1:    layout_caves, gammafunk_ghost_split, basic_altar, minmay_orc_barracks,
          uniq_fannar, uniq_jorgrun
Orc:2:    st_orc_congregation, layout_caves, serial_shops, shop, uniq_donald
Elf:1:    minmay_elf_arrival_circle, layout_gridlike,
          hangedman_elven_crosses_minicolossus, uniq_nikola
Elf:2:    nicolae_elf_blades_crystal_corner, layout_loops_ring, uniq_agnes
Elf:3:    minmay_elf_hall_statues, layout_gridlike, nicolae_elf_crossing_hall,
          grunt_megastairs_1
Vaults:1: nicolae_vaults_shipping_containers_1,
          nicolae_vaults_variable_pillar_hall, nicolae_vaults_cochlea,
          nicolae_vaults_house_3, ontoclasm_vaults_bender,
          nicolae_vaults_diamond_1, nicolae_vaults_taking_the_gang_shopping,
          vaults_room_fours, v_pattern_3, grunt_vaults_diagonal, v_misc_27,
          nicolae_vaults_trapezoid_layered, nicolae_vaults_tetromino_T_2,
          nicolae_vaults_little_squares_4, layout_vaults_maze
Vaults:2: minmay_crypt_entry_simple_corners, nicolae_vaults_yaktaur_gun_rack,
          vaults_mumra_lcd, v_misc_19, nicolae_vaults_trapezoid_4,
          vaults_mumra_chevron, ontoclasm_vaults_ring_small,
          nicolae_vaults_sesquioval_fish, nicolae_vaults_rhombus_5,
          ontoclasm_vaults_gateway, nicolae_vaults_closet_pinwheel_6,
          grunt_vaults_twisty, nicolae_vaults_three_branches, vaults_dpeg_hooks,
          layout_vaults_quadrants, serial_shops,
          nicolae_shop_temple_entry_statues_fountains
Vaults:3: ebering_ghost_xom, nicolae_vaults_tetromino_Z_1,
          vaults_room_door_ring, hangedman_vaults_hat, v_misc_9,
          nicolae_vaults_network_barrier, nicolae_vaults_shelves_hall,
          nicolae_vaults_diamond_2, nicolae_vaults_murderbox,
          layout_vaults_chaotic_city, uniq_frederick
Vaults:4: mu_enter_wizlab_6, nicolae_vaults_tetromino_T_2,
          hangedman_vaults_slither, nicolae_vaults_variable_pillar_hall,
          ontoclasm_vaults_chip, nicolae_vaults_angled_halls,
          nicolae_vaults_closet_pinwheel_1, nicolae_vaults_border_crossing,
          nicolae_vaults_diamond_2, ontoclasm_vaults_idyll,
          nicolae_vaults_gold_heap, hangedman_vaults_maws,
          layout_vaults_omnicross, serial_shops, shop, shop, shop, shop, shop
Vaults:5
Crypt:1:  layout_basic, st_stairs_8
Crypt:2:  layout_rooms, special_room [special_room_morgue],
          minmay_misc_feat_five, hangedman_feature_mirror, grunt_megastairs_3,
          uniq_khufu, uniq_josephina, uniq_boris, uniq_jory
Crypt:3:  lightli_unholy_cathedral, layout_chaotic_city,
          tomb_entry_simple_bobbens, uniq_xtahua
Depths:1: layout_gridlike, abyss_entry, rand_demon_pan_entry_4, hell_entry,
          minmay_misc_feat_secret_circle, hangedman_abyss_or_decor_lesser_grid,
          minmay_misc_feat_chi
Depths:2: minmay_coctagon, layout_gridlike, hell_entry, skrybe_limestone_x,
          abyss_entry, grunt_pan_entry_zigzag, infiniplex_staircase_pool_1
Depths:3: hangedman_hanging_gardens, layout_cross, serial_bayou_shore_b,
          abyss_entry, hangedman_tar_grid_catacomb, grunt_megastairs_5,
          minmay_staircase_statues, serial_bayou_shore_b, uniq_grunn,
          uniq_enchantress, uniq_sojobo, uniq_norris
Depths:4: grunt_zot_entry_funnels, layout_cave_pools, enter_ziggurat_a,
          serial_shops, nicolae_shop_pleasant_corner_grove,
          grunt_pan_entry_sceptre, pf_coc_iceberg, wad_floor_pattern_untrapped,
          minmay_shop_grove
Zot:1:    layout_basic, regret_index_zotdec_dark_gr, grunt_ministairs_2
Zot:2:    layout_cathedral_of_symmetry, st_stairs_3
Zot:3:    hellmonk_paralyzer, layout_basic, regret_index_zotdec_stipple_waver,
          grunt_ministairs_13
Zot:4:    layout_misc_corridors, uniq_vv
Zot:5:    layout_misc_corridors, st_stairs_7

Skill      XL: |  1  2  3  4  5  6  7  8  9 10 11 12 13 14 15 16 17 18 19 20 21 22 23 24 25 26 27 |
---------------+----------------------------------------------------------------------------------+-----
Throwing       | 1 2 3 4 5 6 7 8 9 10 11 12 13 14 15 16 17 18 19 20 21 22 25 | 25.7
Dodging        | 3 4 5 6 7 10 | 10.0
Fighting       | 5 6 7 9 11 12 14 16 18 19 20 21 22 23 24 25 26 27 | 27.0
Maces & Flails | 4 5 6 8 9 11 12 14 15 16 | 16.0
Invocations    | 2 3 6 8 10 12 15 17 | 17.7
Armour         | 2 4 5 7 8 10 11 12 13 15 16 17 18 21 | 21.9
Shields        | 3 7 9 11 12 13 14 15 16 17 18 20 22 24 | 24.9

Action                     |  1- 3 |  4- 6 |  7- 9 | 10-12 | 13-15 | 16-18 | 19-21 | 22-24 | 25-27 || total
---------------------------+-------+-------+-------+-------+-------+-------+-------+-------+-------++-------
  Melee: Mace              |    81 |   123 |   165 |       |       |       |       |       |       ||   369
         Headbutt          |    12 |    29 |    70 |   129 |   270 |   238 |   254 |   376 |   414 ||  1792
         Flail             |       |       |   124 |   442 |   958 |   807 |   860 |   110 |       ||  3301
         Kick              |       |       |    32 |   202 |   436 |   316 |   421 |   572 |   551 ||  2530
         Morningstar       |       |       |       |       |    32 |       |       |   952 |    99 ||  1083
         Demon whip        |       |       |       |       |       |       |       |       |  1143 ||  1143
  Throw: Stone             |       |     3 |    16 |    21 |       |       |       |       |       ||    40
         Dart              |       |     1 |     8 |    25 |       |       |       |     1 |       ||    35
         Boomerang         |       |       |       |    74 |   112 |   544 |   620 |   476 |       ||  1826
         Large rock        |       |       |       |     2 |    13 |    17 |    17 |    52 |  1191 ||  1292
         Javelin           |       |       |       |       |     2 |    23 |   129 |    74 |    39 ||   267
         Throwing net      |       |       |       |       |       |     2 |     2 |       |       ||     4
 Invoke: Upheaval          |       |       |       |       |     2 |     2 |     1 |    13 |     6 ||    24
         Disaster Area     |       |       |       |       |       |     2 |     3 |     8 |     6 ||    19
         Elemental Force   |       |       |       |       |       |     1 |       |       |       ||     1
  Evoke: Wand              |       |       |       |       |       |       |       |     1 |       ||     1
    Use: Scroll            |       |     4 |     7 |     9 |     7 |     3 |     3 |    12 |    21 ||    66
         Potion            |       |     2 |     5 |     1 |     2 |     9 |     4 |    11 |    17 ||    51
   Stab: Petrifying        |       |       |       |     1 |       |       |       |       |       ||     1
         Petrified         |       |       |       |       |       |     5 |       |       |       ||     5
         Paralysed         |       |       |       |       |       |     1 |       |       |       ||     1
 Armour: Robe              |    42 |   102 |   269 |   136 |       |       |       |       |       ||   549
         Swamp dragon scal |       |       |       |    95 |       |       |       |       |       ||    95
         Quicksilver drago |       |       |       |    11 |   590 |   463 |   255 |   608 |   253 ||  2180
         Fire dragon scale |       |       |       |       |       |       |       |       |   223 ||   223
  Dodge: Dodged            |    41 |    86 |   245 |   364 |   590 |   438 |   143 |   318 |   291 ||  2516
         Repelled          |       |       |       |       |    14 |    20 |    18 |    30 |    33 ||   115
  Block: Kite shield       |       |       |       |       |   264 |  1287 |   854 |  1367 |   311 ||  4083
         Reflection        |       |       |       |       |    10 |   196 |   160 |    58 |    44 ||   468
         Tower shield      |       |       |       |       |       |       |       |       |  1233 ||  1233
